 Dungeon Crawl Stone Soup version 0.18.1-50-g88ac8fd (webtiles) character file.

99 nognus the Chopper (level 4, -6/38 HPs)
             Began as a Hill Orc Gladiator on Mar 24, 2017.
             Was an Initiate of Nemelex Xobeh.
             Mangled by a gnoll
             ... wielding a +0 whip
              (7 damage)
             ... on level 3 of the Dungeon.
             The game lasted 00:25:51 (2271 turns).

nognus the Chopper (Hill Orc Gladiator)             Turns: 2271, Time: 00:25:51

Health: -6/38      AC:  9    Str: 17    XL:     4   Next: 72%
Magic:  4/4        EV:  8    Int:  8    God:    Nemelex Xobeh [......]
Gold:   89         SH:  0    Dex: 12    Spells: 0 memorised, 3 levels left

rFire  . . .     SeeInvis .     a - +0 war axe
rCold  + . .     Gourm    .     k - +0 chain mail
rNeg   . . .     Faith    .     (no shield)
rPois  .         Spirit   .     c - +0 helmet
rElec  .         Dismiss  .     (no cloak)
rCorr  .         Reflect  .     (no gloves)
SustAt .         Harm     .     (no boots)
MR     .....                    (no amulet)
Stlth  ..........               (no ring)
                                s - ring of protection from cold

@: not resistant to hostile enchantments, extremely unstealthy
A: no striking features
a: Renounce Religion


You were on level 3 of the Dungeon.
You worshipped Nemelex Xobeh.
Nemelex Xobeh was noncommittal.
You were not hungry.

You visited 1 branch of the dungeon, and saw 3 of its levels.

You collected 89 gold pieces.

Inventory:

Hand Weapons
 a - a +0 war axe (weapon)
 e - a cursed +0 whip
 l - a cursed -1 short sword
 p - a +0 mace
 u - a +0 short sword
 w - a cursed +0 dagger
 y - a +0 hunting sling
Missiles
 d - 3 throwing nets (quivered)
 m - 30 poisoned needles
 r - 20 arrows
 t - 39 sling bullets
 v - 38 bolts
Armour
 b - a +0 leather armour
 c - a +0 helmet (worn)
 h - a +0 pair of gloves
 j - a cursed +0 chain mail
 k - a +0 chain mail (worn)
 z - a +0 chain mail
 C - a cursed +0 ring mail
Jewellery
 s - a ring of protection from cold (left hand)
Scrolls
 g - 2 scrolls of enchant weapon {unknown}
 i - a scroll of fear {unknown}
 n - a scroll of random uselessness {unknown}
 x - 2 scrolls of recharging {unknown}
Potions
 q - 2 potions of curing
Miscellaneous
 A - a plain deck of destruction {drawn: 1}
Comestibles
 f - 2 bread rations
 o - a meat ration


   Skills:
 + Level 3.2 Fighting
 + Level 5.0 Axes
 + Level 1.9 Throwing
 + Level 1.8 Armour
 + Level 3.0 Dodging
 + Level 0.3 Stealth


You had 3 spell levels left.
You didn't know any spells.

Dungeon Overview and Level Annotations

Branches:
Dungeon (3/15)

Altars:
Nemelex Xobeh


Message History

You hit the gnoll but do no damage. The gnoll barely misses you. x2
Your chain mail prevents you from hitting the gnoll.
The gnoll hits you from afar with a halberd.
The gnoll hits you but does no damage.
You closely miss the gnoll. The gnoll hits you with a whip.
The gnoll hits you from afar with a halberd!
* * * LOW HITPOINT WARNING * * *
The gnoll barely misses you.
You hit the gnoll.
The gnoll is lightly wounded.
The gnoll hits you from afar with a halberd!
* * * LOW HITPOINT WARNING * * *
The gnoll hits you but does no damage.
Drink which item? (? for menu, Esc to quit)
You feel better.
The gnoll hits you from afar with a halberd!
* * * LOW HITPOINT WARNING * * *
The gnoll hits you with a whip!
You die...
Your body disappears without a glow.

.####### #.# #<#
.......# #.# ###
.......# #.#
.......#########.#
.................#
.................#
#######..........#
#######..........######.
#.....#.........@ggg....
#.....#..........######.
#.....#..........#
#.....###...######
#.....# #...# #.....#
#...# #.....# #####
......# ......#


You could see 3 gnolls.

Vanquished Creatures
  A hound skeleton (D:3)
  2 adders (D:2)
  An ooze (D:1)
  2 worms (D:2)
  A dart slug (D:3)
  3 giant geckos
  2 orcs (D:3)
  4 bats
  A giant cockroach (D:2)
  4 hobgoblins
  7 jackals
  6 kobolds
  3 quokkas
  2 ball pythons
  2 giant newts (D:3)
  2 goblins (D:2)
  7 rats
50 creatures vanquished.

Notes
Turn   | Place    | Note
--------------------------------------------------------------
     0 | D:1      | nognus the Hill Orc Gladiator began the quest for the Orb.
     0 | D:1      | Reached XP level 1. HP: 18/18 MP: 1/1
   181 | D:1      | Reached XP level 2. HP: 8/25 MP: 2/2
   940 | D:2      | Reached XP level 3. HP: 30/30 MP: 3/3
  1511 | D:2      | Found a sparkling altar of Nemelex Xobeh.
  1517 | D:2      | Became a worshipper of Nemelex Xobeh the Trickster
  1539 | D:2      | Reached skill level 1 in Armour
  1540 | D:2      | Reached XP level 4. HP: 37/37 MP: 4/4
  1889 | D:3      | Received a gift from Nemelex Xobeh
  1909 | D:3      | Reached skill level 5 in Axes
  2271 | D:3      | HP: 1/38 [gnoll/halberd (7)]
  2271 | D:3      | Mangled by a gnoll

Skill      XL: |  1  2  3  4 |
---------------+-------------+-----
Armour         | 1 |  1.8
Fighting       | 3 |  3.2
Dodging        | 3 |  3.0
Axes           | 5 |  5.0
Throwing       | |  1.9
Stealth        | |  0.3

Action                   |  1- 3 |  4- 6 || total
-------------------------+-------+-------++-------
Melee: War axe           |   124 |    64 ||   188
Evoke: Deck              |       |     1 ||     1
  Use: Scroll            |     3 |     1 ||     4
       Potion            |     1 |     1 ||     2
  Eat: Bread ration      |     1 |       ||     1
Armor: Chain mail        |    94 |    49 ||   143
       Leather armour    |     2 |       ||     2
Dodge: Dodged            |    63 |    29 ||    92
